 Dungeon Crawl Stone Soup version 0.28-a0-1510-gd0f6b136d3 (webtiles) character file.

Game seed: 14956144069721625753

380 bande the Covered (level 6, -12/39 HPs)
             Began as a Gargoyle Fighter on Jan 16, 2022.
             Killed from afar by a steam dragon (19 damage)
             ... with a ball of steam
             ... on level 4 of the Dungeon.
             The game lasted 00:06:46 (2554 turns).

bande the Covered (Gargoyle Fighter)                Turns: 2554, Time: 00:06:47

Health: -12/39     AC: 17    Str: 20    XL:     6   Next: 75%
Magic:  6/6        EV:  5    Int:  8    God:
Gold:   123        SH:  4    Dex: 11    Spells: 5/5 levels left

rFire   . . .      SeeInvis .   a - +0 war axe
rCold   . . .      Faith    .   c - +0 buckler
rNeg    + . .      Spirit   .   g - +0 plate armour
rPois   ∞          Reflect  .   (no helmet)
rElec   +          Harm     .   (no cloak)
rCorr   .          Rampage  .   f - +0 pair of gloves
Will    .....                   (no boots)
Stlth   ..........              (no amulet)
HPRegen 0.13/turn               (no ring)
MPRegen 0.10/turn               (no ring)

@: no status effects
A: sickness immunity, AC +4, negative energy resistance 1, electricity
resistance, torment resistance 1, petrification resistance
a: no special abilities


You were on level 4 of the Dungeon.
You visited 1 branch of the dungeon, and saw 4 of its levels.

You collected 123 gold pieces.

Inventory:

Hand Weapons
 a - a +0 war axe (weapon)
 l - a +0 mace
Missiles
 h - a throwing net (quivered)
Armour
 c - a +0 buckler (worn)
 f - a +0 pair of gloves (worn)
 g - a +0 plate armour (worn)
 j - an orb of mayhem
Jewellery
 k - an amulet of the acrobat
Scrolls
 d - a scroll of summoning {unknown}
Potions
 b - a potion of flight
 i - a potion of invisibility {unknown}
 m - a potion of ambrosia {unknown}
 n - a potion of lignification {unknown}
 o - a potion of mutation {unknown}


   Skills:
 + Level 4.4 Fighting
 + Level 4.6 Axes
 + Level 4.9 Armour
 - Level 0.4 Stealth
 + Level 3.7 Shields


You had 5 spell levels left.
You didn't know any spells.
Your spell library contained the following spells:

 Spells                   Type           Power      Damage    Failure   Level
 Summon Small Mammal      Summ           0%         N/A       100%        1
 Ensorcelled Hibernation  Hex/Ice        0%         N/A       100%        2
 Passwall                 Tmut/Erth      0%         N/A       100%        2
 Call Canine Familiar     Summ           0%         N/A       100%        3
 Summon Guardian Golem    Hex/Summ       0%         N/A       100%        3
 Swiftness                Air            0%         N/A       100%        3


Dungeon Overview and Level Annotations

Branches:
Dungeon (4/15)
 Temple: D:4-7

Altars:
Ru
Zin

Shops:
D:1 [


Innate Abilities, Weirdness & Mutations

You are immune to sickness and miasma.
Your stone body is resilient. (AC +4)
You are immune to poison.
You resist negative energy. (rN+)
You are resistant to electric shocks. (rElec)
You are resistant to unholy torment.
You are immune to petrification.


Message History

The steam dragon is heavily wounded.
You are engulfed in a cloud of scalding steam.
The steam dragon bites you but does no damage.
The steam dragon claws you but does no damage.
The steam dragon bites you but does no damage.
The steam dragon completely misses you.
You barely miss the steam dragon.
The steam dragon is heavily wounded.
You are engulfed in a cloud of scalding steam.
The steam dragon bites you!
The steam dragon claws you but does no damage.
You barely miss the steam dragon.
The steam dragon is heavily wounded.
You are engulfed in a cloud of scalding steam.
You block the steam dragon's attack.
The steam dragon claws you but does no damage.
Unknown command.
You closely miss the steam dragon.
The steam dragon is heavily wounded.
You block the steam dragon's attack.
The steam dragon claws you but does no damage.
A goblin comes into view. It is wielding a +0 club.
The steam dragon bites you but does no damage.
The steam dragon claws you but does no damage.
You barely miss the steam dragon.
The steam dragon is heavily wounded.
The goblin shouts!
The steam dragon bites you. The steam dragon claws you.
You closely miss the steam dragon.
The steam dragon is heavily wounded.
The steam dragon bites you.
* * * LOW HITPOINT WARNING * * *
The steam dragon claws you.
* * * LOW HITPOINT WARNING * * *
Unknown command.
You hit the steam dragon.
The steam dragon is heavily wounded.
The steam dragon breathes steam at you. The ball of steam hits you!!
You die...

........#)).#...#.#
..#####.#.†.#...#.#
..# #.'#######'.# ..#
#....##.....#
..................###
..###########.......#
#.......#
####..#.#######
...g...@.....[.
######.D####### #..#
##>. ###


You could see a steam dragon (catching breath) and a goblin.

Vanquished Creatures
  An orc warrior (D:4)
  An ogre (D:4)
  A scorpion (D:4)
  An orc wizard (D:4)
  5 adders
  4 worms
  A dart slug (D:1)
  An orc (D:4)
  7 ball pythons
  3 endoplasms
  4 giant cockroaches
  6 hobgoblins
  3 quokkas
  5 bats
  6 frilled lizards
  3 goblins
  5 kobolds
  9 rats
66 creatures vanquished.

Notes
Turn   | Place    | Note
-------+----------+-------------------------------------------
     0 | D:1      | bande the Gargoyle Fighter began the quest for the Orb.
     0 | D:1      | Reached XP level 1. HP: 14/14 MP: 1/1
    12 | D:1      | You fall into a shaft and drop 1 floor!
   346 | D:2      | Reached XP level 2. HP: 9/19 MP: 2/2
   353 | D:2      | Reached XP level 3. HP: 7/23 MP: 3/3
   993 | D:1      | Found Acraig's Armour Shoppe.
  1372 | D:1      | Found a faded altar of an unknown god.
  1526 | D:1      | Reached XP level 4. HP: 29/29 MP: 4/4
  1856 | D:2      | Identified the +0 robe "Yfion" {Harm rPois rC++ Dex-5}
  2262 | D:3      | Found a glowing silver altar of Zin.
  2417 | D:4      | Noticed an orc warrior
  2418 | D:4      | Noticed an ogre
  2422 | D:4      | Killed an orc warrior
  2423 | D:4      | Reached XP level 5. HP: 26/33 MP: 5/5
  2425 | D:4      | Reached XP level 6. HP: 31/38 MP: 6/6
  2522 | D:4      | Found a sacrificial altar of Ru.
  2542 | D:4      | Noticed a steam dragon
  2554 | D:4      | Killed from afar by a steam dragon

Illustrated notes

Levels and vault maps discovered:
D:1:      sevenhm_arrival_forest_fort_large_2, layout_loops_corners,
          shapermc_ecumenical_altar_totnotflames, serial_shops, shop
D:2:      layout_rooms
D:3:      layout_basic, mainiacjoe_overflow_surrounded_room
D:4:      layout_basic, nicolae_ru_great_annihilating_truth,
          nicolae_gozag_cash_rules_everything_around_me,
          mainiacjoe_overflow_chevrons, serial_glass, glass_columns_a,
          glass_columns_b, enter_ossuary_3

Skill      XL: |  1  2  3  4  5 |
---------------+----------------+-----
Axes           | 2 3 4 |  4.6
Armour         | 4 |  4.9
Fighting       | 4 |  4.4
Stealth        | |  0.4
Shields        | |  3.7

Action                   |  1- 3 |  4- 6 || total
-------------------------+-------+-------++-------
Melee: War axe           |    81 |   108 ||   189
  Use: Scroll            |     2 |     2 ||     4
       Potion            |       |     3 ||     3
 Stab: Paralysed         |       |     1 ||     1
Armor: Scale mail        |    33 |       ||    33
       Plate armour      |     8 |    79 ||    87
Dodge: Dodged            |    31 |    27 ||    58
Block: Buckler           |    17 |    29 ||    46

Table legend: (Time is in decaauts)
 A = Elapsed time spent in this place.
 B = Non-inter-level travel time spent in this place.
 C = Inter-level travel time spent in this place.
 D = Time resting spent in this place.
 E = Time spent auto-exploring this place.
 F = Levels seen in this place.
 G = Mean time per level.
                   A        B        C        D        E       F      G
               +--------+--------+--------+--------+--------+-----+--------+
         Total |   2629 |   2603 |     26 |    483 |   1550 |   4 |  657.2 |
       Dungeon |   2629 |   2603 |     26 |    483 |   1550 |   4 |  657.2 |
               +--------+--------+--------+--------+--------+-----+--------+

Top non-repeatable levels by time:
     D:2: 1039 daAuts
     D:1: 898 daAuts
     D:3: 546 daAuts
     D:4: 145 daAuts
